 Dungeon Crawl Stone Soup version 0.27-a0-679-g77a6b55cf3 (webtiles) character file.

Game seed: 14200622580533381659

28 Allula97 the Grasshopper (level 2, -1/23 HPs)
             Began as a Demonspawn Warper on Mar 19, 2021.
             Slain by a sky beast (6 damage)
             ... on level 2 of the Dungeon.
             The game lasted 00:02:16 (1223 turns).

Allula97 the Grasshopper (Demonspawn Warper)        Turns: 1223, Time: 00:02:18

Health: -1/23      AC:  6    Str: 11    XL:     2   Next: 96%
Magic:  5/5        EV:  9    Int: 14    God:
Gold:   51         SH:  0    Dex: 12    Spells: 5/5 levels left

rFire    . . .     SeeInvis .   i - +0 rapier
rCold    . . .     Faith    .   (no shield)
rNeg     . . .     Spirit   .   f - +0 scale mail
rPois    .         Reflect  .   (no helmet)
rElec    .         Harm     .   (no cloak)
rCorr    .         Rampage  .   (no gloves)
Will     .....                  (no boots)
Stlth    ..........             (no amulet)
HPRegen  0.07/turn              (no ring)
MPRegen  0.09/turn              (no ring)

@: attractive
A: spiny 1
a: no special abilities


You were on level 2 of the Dungeon.
You visited 1 branch of the dungeon, and saw 2 of its levels.

You collected 51 gold pieces.

Inventory:

Hand Weapons
 a - a +0 falchion
 i - a +0 rapier (weapon)
Missiles
 e - 5 boomerangs of dispersal (quivered)
Armour
 b - a +0 leather armour
 f - a +0 scale mail (worn)
Scrolls
 d - a scroll of blinking
 g - a scroll of teleportation {unknown}
 h - a scroll of noise {unknown}


   Skills:
 * Level 2.3 Fighting
 * Level 0.1(1.1) Short Blades
 - Level 1.9(2.0) Long Blades
 - Level 0.8 Throwing
 * Level 1.2 Armour
 * Level 2.1 Dodging
 * Level 0.4 Stealth
 * Level 2.1 Spellcasting
 + Level 2.8 Translocations


You had 5 spell levels left.
You didn't know any spells.
Your spell library contained the following spells:

 Spells                   Type           Power      Damage    Failure   Level
 Blink                    Tloc           N/A        N/A       54%         2
 Gell's Gravitas          Tloc           4%         N/A       78%         3
 Lesser Beckoning         Tloc           4%         N/A       78%         3
 Teleport Other           Tloc           9%         N/A       78%         3
 Manifold Assault         Tloc           9%         N/A       99%         4


Dungeon Overview and Level Annotations

Branches:
Dungeon (2/15)

Altars:


Innate Abilities, Weirdness & Mutations

You are partially covered in sharp spines.


Message History

You hit the goblin.
You kill the goblin!
You closely miss the kobold.
The kobold hits you with a +0 short sword.
The kobold completely misses you.
You hit the kobold.
You kill the kobold!
You hit the sky beast.
The sky beast is lightly wounded.
The sky beast hits you but does no damage.
You hit the sky beast but do no damage.
The sky beast is lightly wounded.
The sky beast hits you. The sky beast shocks you.
* * * LOW HITPOINT WARNING * * *
The sky beast barely misses you.
The sky beast flickers out of sight!
Deactivating autopickup; reactivate with Ctrl-A.
It was a potion of attraction.
You feel attractive to monsters.
The giant cockroach is pulled toward you!
A sky beast appears from thin air!
Reactivating autopickup.
The giant cockroach is struck by your spines.
The giant cockroach closely misses you.
You see here a +0 hand axe.
It was a potion of curing.
You feel better. The sky beast barely misses you.
Your scale mail prevents you from hitting the sky beast.
The sky beast is lightly wounded.
The sky beast hits you but does no damage.
You hit the sky beast.
The sky beast is lightly wounded.
The sky beast hits you. The sky beast shocks you.
You closely miss the sky beast.
The sky beast is lightly wounded.
The sky beast closely misses you.
The sky beast flickers out of sight!
Deactivating autopickup; reactivate with Ctrl-A.
Something hits you.
* * * LOW HITPOINT WARNING * * *
Something shocks you.
You die...

############# #........
..# #@#########.###
#{##......#...
######B##.#..#.#..#
#.........#..#.#..#####
#.....≈........#.......
#.........#.>....)..###
#...........)..........
#.........####.##....##
#......†.#####.##....##


You could see a giant cockroach.

Vanquished Creatures
  A worm (D:2)
  A leopard gecko (D:2)
  2 giant cockroaches (D:1)
  4 goblins (D:2)
  A hobgoblin (D:2)
  A ball python (D:2)
  4 bats
  A frilled lizard (D:2)
  3 kobolds
  5 rats (D:1)
23 creatures vanquished.

Notes
Turn   | Place    | Note
-------+----------+-------------------------------------------
     0 | D:1      | Allula97 the Demonspawn Warper began the quest for the Orb.
     0 | D:1      | Reached XP level 1. HP: 16/16 MP: 3/3
    83 | D:1      | Reached skill level 1 in Armour
   446 | D:1      | Gained mutation: You are partially covered in sharp spines.
                  | [demonic ancestry]
   446 | D:1      | Reached XP level 2. HP: 22/22 MP: 5/5
  1189 | D:2      | Noticed a sky beast
  1223 | D:2      | Slain by a sky beast

Illustrated notes

Levels and vault maps discovered:
D:1:      sevenhm_arrival_forest_fort_small_4, layout_basic
D:2:      layout_basic, kiku_gazebo_garden_becter,
          nicolae_overflow_hidden_temple, chequers_ecumenical_altar_lobes,
          minmay_vboxes

Skill      XL: |  1  2 |
---------------+-------+-----
Armour         | 1 |  1.2
Dodging        | 2 |  2.1
Fighting       | |  2.3
Short Blades   | |  0.1
Long Blades    | |  1.9
Throwing       | |  0.8
Stealth        | |  0.4
Spellcasting   | |  2.1
Translocations | |  2.8

Action                   || total
-------------------------++-------
Melee: Falchion          ||    42
       Rapier            ||    29
  Use: Potion            ||     2
Armor: Leather armour    ||    13
       Scale mail        ||    12
Dodge: Dodged            ||    47
       Rpst.: Falchion   ||    13

Table legend: (Time is in decaauts)
 A = Elapsed time spent in this place.
 B = Non-inter-level travel time spent in this place.
 C = Inter-level travel time spent in this place.
 D = Time resting spent in this place.
 E = Time spent auto-exploring this place.
 F = Levels seen in this place.
 G = Mean time per level.
                   A        B        C        D        E       F      G
               +--------+--------+--------+--------+--------+-----+--------+
         Total |   1241 |   1174 |     67 |      0 |    903 |   2 |  620.5 |
       Dungeon |   1241 |   1174 |     67 |      0 |    903 |   2 |  620.5 |
               +--------+--------+--------+--------+--------+-----+--------+

Top non-repeatable levels by time:
     D:1: 792 daAuts
     D:2: 448 daAuts
